TOP OF THE 1ST |
Chicago (APP) Cubs batting - Pitching for Philadelphia (APP) Phillies : RHP Alex Florez
|
Pitching: RHP Alex Florez
|
|
Batting: RHB Randy Schmitt
|
0-0: Ball 1-0: Ball 2-0: Ball 3-0: Base on Balls
|
Batting: SHB Andrew Baron
|
0-0: Swinging Strike 0-1: Ball Wild Pitch! Randy Schmitt to second 1-1: Foul Ball, location: 2F 1-2: Ball 2-2: Ball 3-2: Fly out, F2 (Popup, 25F, EV 87.5 MPH)
|
Batting: RHB Tak-keung Chieu
|
0-0: Called Strike Randy Schmitt steals 3rd base 0-1: Ball 1-1: Ground out 6-3 (Groundball, 6, EV 90.0 MPH) Randy Schmitt scores
|
Batting: RHB Jake Mitchell
|
0-0: Ball 1-0: Ball 2-0: Ball 3-0: Base on Balls
|
Batting: RHB Julio Arteaga
|
0-0: Called Strike 0-1: Foul Ball, location: 2F 0-2: Ball 1-2: Strikes out swinging
|
Top of the 1st over - 1 run, 0 hits, 0 errors, 1 left on base; Chicago (APP) 1 - Philadelphia (APP) 0 |
BOTTOM OF THE 1ST |
Philadelphia (APP) Phillies batting - Pitching for Chicago (APP) Cubs : LHP Neal Brody
|
Pitching: LHP Neal Brody
|
|
Batting: RHB Pablo Lopez
|
0-0: Ball 1-0: Ball 2-0: Ball 3-0: Base on Balls
|
Batting: RHB Gary Sampson
|
0-0: Called Strike 0-1: Ball 1-1: Ball 2-1: Foul Ball, location: 2F 2-2: Ball Passed Ball! Pablo Lopez to second 3-2: Ground out 6-3 (Groundball, 6, EV 80.0 MPH) Pablo Lopez to third
|
Batting: LHB Alex Fernandez
|
0-0: Ball Passed Ball! Pablo Lopez scores 1-0: Ground out 3-1 (Groundball, 34S, EV 81.2 MPH)
|
Batting: RHB Seung-mun Kim
|
0-0: Foul Ball, location: 2F 0-1: Fly out, F5 (Flyball, 5D, EV 88.1 MPH)
|
Bottom of the 1st over - 1 run, 0 hits, 0 errors, 0 left on base; Chicago (APP) 1 - Philadelphia (APP) 1 |
TOP OF THE 2ND |
Chicago (APP) Cubs batting - Pitching for Philadelphia (APP) Phillies : RHP Alex Florez
|
Batting: RHB Jake Newman
|
0-0: Fly out, F7 (Line Drive, 7, EV 85.0 MPH)
|
Batting: RHB Dwight Bean
|
0-0: TRIPLE (Flyball, 9LD, EV 93.8 MPH)
|
Batting: RHB Josh MacQueen
|
0-0: Ball 1-0: Ball 2-0: Foul Ball, location: 2F 2-1: Foul Ball, location: 2F 2-2: Strikes out swinging
|
Batting: LHB Arnaldo Cardamenho
|
0-0: Foul Ball, location: 2F 0-1: Foul Ball, location: 2F 0-2: Ball Wild Pitch! Dwight Bean scores 1-2: Strikes out swinging
|
Top of the 2nd over - 1 run, 1 hit, 0 errors, 0 left on base; Chicago (APP) 2 - Philadelphia (APP) 1 |
BOTTOM OF THE 2ND |
Philadelphia (APP) Phillies batting - Pitching for Chicago (APP) Cubs : LHP Neal Brody
|
Batting: RHB Carlos Morejon
|
0-0: Ball 1-0: SOLO HOME RUN (Flyball, 7D, EV 96.9 MPH), Distance : 371 ft
|
Batting: RHB Mark Schultz
|
0-0: Ball 1-0: Called Strike 1-1: Called Strike 1-2: Ball 2-2: Ball 3-2: Base on Balls
|
Batting: RHB Eduardo Calderon
|
0-0: Foul Ball, location: 2F 0-1: Ball 1-1: Foul Ball, location: 2F 1-2: Foul Ball, location: 2F 1-2: Ground out 5-3 (Groundball, 5L, EV 85.6 MPH) Mark Schultz to second
|
Batting: LHB Matt Urbanek
|
0-0: Ball 1-0: Ball Passed Ball! Mark Schultz to third 2-0: Ball Wild Pitch! Mark Schultz scores 3-0: Called Strike 3-1: SINGLE (Line Drive, 4D, EV 95.0 MPH)
|
Batting: LHB Eric Farren
|
0-0: Called Strike 0-1: Foul Ball, location: 2F 0-2: Fielders Choice at 2nd, 5-4 (Groundball, 56S, EV 84.4 MPH)
|
Batting: RHB Pablo Lopez
|
0-0: Called Strike 0-1: Foul Ball, location: 2F 0-2: Strikes out looking
|
Bottom of the 2nd over - 2 runs, 2 hits, 0 errors, 1 left on base; Chicago (APP) 2 - Philadelphia (APP) 3 |
TOP OF THE 3RD |
Chicago (APP) Cubs batting - Pitching for Philadelphia (APP) Phillies : RHP Alex Florez
|
Batting: RHB Randy Schmitt
|
0-0: Called Strike 0-1: Swinging Strike 0-2: Strikes out looking
|
Batting: SHB Andrew Baron
|
0-0: Ground out U3 (Groundball, 34S, EV 89.4 MPH)
|
Batting: RHB Tak-keung Chieu
|
0-0: Ball 1-0: Fly out, F3 (Popup, 23F, EV 91.9 MPH)
|
Top of the 3rd over - 0 runs, 0 hits, 0 errors, 0 left on base; Chicago (APP) 2 - Philadelphia (APP) 3 |
BOTTOM OF THE 3RD |
Philadelphia (APP) Phillies batting - Pitching for Chicago (APP) Cubs : LHP Neal Brody
|
Batting: RHB Gary Sampson
|
0-0: Ball 1-0: Called Strike 1-1: Ball 2-1: Ball 3-1: Base on Balls
|
Batting: LHB Alex Fernandez
|
0-0: Called Strike 0-1: Called Strike 0-2: Foul Ball, location: 2F 0-2: Ball Passed Ball! Gary Sampson to second 1-2: Strikes out swinging
|
Batting: RHB Seung-mun Kim
|
0-0: Called Strike 0-1: Ball Gary Sampson steals 3rd base 1-1: Ball Wild Pitch! Gary Sampson scores 2-1: Foul Ball, location: 2F 2-2: Foul Ball, location: 2F 2-2: Ball 3-2: Foul Ball, location: 2F 3-2: Base on Balls
|
Batting: RHB Carlos Morejon
|
0-0: Fly out, F9 (Flyball, 9, EV 87.5 MPH)
|
Pitching: RHP Carlos Zavala
|
|
Batting: RHB Mark Schultz
|
0-0: Hit by Pitch Seung-mun Kim to second
|
Batting: RHB Eduardo Calderon
|
0-0: Foul Ball, location: 2F 0-1: Hit by Pitch Seung-mun Kim to third Mark Schultz to second
|
Batting: LHB Matt Urbanek
|
0-0: Ball 1-0: Called Strike 1-1: Swinging Strike Passed Ball! Seung-mun Kim scores Mark Schultz to third Eduardo Calderon to second 1-2: Ball 2-2: Foul Ball, location: 2F 2-2: Ball 3-2: Base on Balls
|
Batting: LHB Eric Farren
|
0-0: Called Strike 0-1: Swinging Strike 0-2: Ground out U3 (Groundball, 3, EV 90.0 MPH)
|
Bottom of the 3rd over - 2 runs, 0 hits, 0 errors, 3 left on base; Chicago (APP) 2 - Philadelphia (APP) 5 |
TOP OF THE 4TH |
Chicago (APP) Cubs batting - Pitching for Philadelphia (APP) Phillies : RHP Alex Florez
|
Batting: RHB Jake Mitchell
|
0-0: Swinging Strike 0-1: Swinging Strike 0-2: Ball 1-2: Foul Ball, location: 2F 1-2: Strikes out swinging
|
Batting: RHB Julio Arteaga
|
0-0: Ground out 4-3 (Groundball, 4, EV 85.0 MPH)
|
Batting: RHB Jake Newman
|
0-0: Ball 1-0: Ground out 4-3 (Groundball, 4S, EV 70.0 MPH)
|
Top of the 4th over - 0 runs, 0 hits, 0 errors, 0 left on base; Chicago (APP) 2 - Philadelphia (APP) 5 |
BOTTOM OF THE 4TH |
Philadelphia (APP) Phillies batting - Pitching for Chicago (APP) Cubs : RHP Carlos Zavala
|
Batting: RHB Pablo Lopez
|
0-0: Swinging Strike 0-1: Ball 1-1: Swinging Strike 1-2: Ball 2-2: Strikes out looking
|
Pitching: LHP Eddie Panagos
|
|
Batting: RHB Gary Sampson
|
0-0: Ball 1-0: Foul Ball, location: 2F 1-1: Ball 2-1: Ball 3-1: Foul Ball, location: 2F 3-2: Strikes out swinging
|
Batting: LHB Alex Fernandez
|
0-0: SINGLE (Groundball, 4D, EV 104.4 MPH)
|
Batting: RHB Seung-mun Kim
|
0-0: Ball 1-0: Ball 2-0: Foul Ball, location: 2F 2-1: Ball Passed Ball! Alex Fernandez to second 3-1: Base on Balls
|
Batting: RHB Carlos Morejon
|
0-0: Swinging Strike 0-1: Ball 1-1: Ball 2-1: Swinging Strike Passed Ball! Alex Fernandez to third Seung-mun Kim to second 2-2: Ball 3-2: Base on Balls
|
Pitching: RHP Ryan Masterson
|
|
Batting: RHB Mark Schultz
|
0-0: Called Strike 0-1: Swinging Strike 0-2: Ball Wild Pitch! Alex Fernandez scores Seung-mun Kim to third Carlos Morejon to second 1-2: Ball Passed Ball! Seung-mun Kim scores Carlos Morejon to third 2-2: Foul Ball, location: 2F 2-2: Ball 3-2: Base on Balls
|
Batting: RHB Eduardo Calderon
|
0-0: Foul Ball, location: 2F 0-1: 3-RUN HOME RUN (Line Drive, 7D, EV 96.9 MPH), Distance : 369 ft
|
Batting: LHB Matt Urbanek
|
0-0: Ground out 5-3 (Groundball, 56, EV 102.5 MPH)
|
Bottom of the 4th over - 5 runs, 2 hits, 0 errors, 0 left on base; Chicago (APP) 2 - Philadelphia (APP) 10 |
TOP OF THE 5TH |
Chicago (APP) Cubs batting - Pitching for Philadelphia (APP) Phillies : RHP Alex Florez
|
Batting: RHB Dwight Bean
|
0-0: Ball 1-0: Foul Ball, location: 2F 1-1: Swinging Strike 1-2: Foul Ball, location: 2F 1-2: Ball 2-2: Strikes out swinging
|
Batting: RHB Josh MacQueen
|
0-0: SINGLE (Line Drive, 34, EV 95.0 MPH)
|
Batting: LHB Arnaldo Cardamenho
|
0-0: Bunted foul 0-1: Bunted foul 0-2: Bunt missed, Strikeout!
|
Batting: RHB Randy Schmitt
|
0-0: Ball 1-0: Ball 2-0: Fly out, F8 (Flyball, 8RD, EV 78.1 MPH)
|
Top of the 5th over - 0 runs, 1 hit, 0 errors, 1 left on base; Chicago (APP) 2 - Philadelphia (APP) 10 |
BOTTOM OF THE 5TH |
Philadelphia (APP) Phillies batting - Pitching for Chicago (APP) Cubs : RHP Ryan Masterson
|
Batting: LHB Eric Farren
|
0-0: Ball 1-0: Foul Ball, location: 2F 1-1: SINGLE (Groundball, 34D, EV 100.0 MPH)
|
Batting: RHB Pablo Lopez
|
0-0: Ball Passed Ball! Eric Farren to second 1-0: Ball 2-0: Ball Passed Ball! Eric Farren to third 3-0: Base on Balls
|
Batting: RHB Gary Sampson
|
0-0: Called Strike 0-1: Foul Ball, location: 2F 0-2: Foul Ball, location: 2F 0-2: Ball 1-2: Ball 2-2: SINGLE (Line Drive, 34, EV 96.9 MPH) Eric Farren scores Pablo Lopez to second
|
Pitching: RHP Rob Craft
|
|
Batting: LHB Alex Fernandez
|
0-0: Ball 1-0: Foul Ball, location: 2F 1-1: SINGLE (Flyball, 8RS, EV 96.9 MPH) Pablo Lopez to third Gary Sampson to second Runner from 3rd tries for Home, throw by CF and OUT! 8-2 Gary Sampson to third Alex Fernandez to second
|
Batting: RHB Seung-mun Kim
|
0-0: Called Strike 0-1: Called Strike 0-2: Ball 1-2: Foul Ball, location: 2F 1-2: Ball 2-2: Ball Passed Ball! Gary Sampson scores Alex Fernandez to third 3-2: Base on Balls
|
Batting: RHB Carlos Morejon
|
0-0: Called Strike 0-1: Fly out, F6 (Popup, 15S, EV 90.0 MPH)
|
Batting: RHB Mark Schultz
|
0-0: Called Strike 0-1: Ball 1-1: Swinging Strike 1-2: Foul Ball, location: 2F 1-2: Ball 2-2: Ground out 1-3 (Groundball, 34S, EV 68.8 MPH)
|
Bottom of the 5th over - 2 runs, 3 hits, 0 errors, 2 left on base; Chicago (APP) 2 - Philadelphia (APP) 12 |
TOP OF THE 6TH |
Chicago (APP) Cubs batting - Pitching for Philadelphia (APP) Phillies : RHP Alex Florez
|
Batting: SHB Andrew Baron
|
0-0: Called Strike 0-1: Ball 1-1: Ball 2-1: Foul Ball, location: 2F 2-2: Foul Ball, location: 2F 2-2: Ball 3-2: Base on Balls
|
Batting: RHB Tak-keung Chieu
|
0-0: Ball 1-0: Foul Ball, location: 2F 1-1: Foul Ball, location: 2F 1-2: Fly out, F8 (Line Drive, 8LM, EV 94.4 MPH)
|
Batting: RHB Jake Mitchell
|
0-0: Foul Ball, location: 2F 0-1: Swinging Strike 0-2: Ball Wild Pitch! Andrew Baron to second 1-2: 2-RUN HOME RUN (Line Drive, 7D, EV 97.5 MPH), Distance : 373 ft
|
Batting: RHB Julio Arteaga
|
0-0: SINGLE (Line Drive, 7LS, EV 96.2 MPH)
|
Batting: RHB Jake Newman
|
0-0: Foul Ball, location: 2F 0-1: Ball 1-1: Ball 2-1: SINGLE (Line Drive, 78S, EV 96.9 MPH) Julio Arteaga to second
|
Batting: RHB Dwight Bean
|
0-0: Ball 1-0: Grounds into double play, 4-6-3 (Groundball, 4, EV 86.9 MPH)
|
Top of the 6th over - 2 runs, 3 hits, 0 errors, 1 left on base; Chicago (APP) 4 - Philadelphia (APP) 12 |
BOTTOM OF THE 6TH |
Philadelphia (APP) Phillies batting - Pitching for Chicago (APP) Cubs : RHP Rob Craft
|
Pitching: RHP Karl Stuart
|
|
Batting: RHB Eduardo Calderon
|
0-0: Called Strike 0-1: Ball 1-1: Ball 2-1: Swinging Strike 2-2: Strikes out looking
|
Batting: LHB Matt Urbanek
|
0-0: Ball 1-0: TRIPLE (Flyball, 8RXD, EV 104.4 MPH)
|
Batting: LHB Eric Farren
|
0-0: Ball 1-0: Ball 2-0: Ball Passed Ball! Matt Urbanek scores 3-0: Base on Balls
|
Batting: RHB Pablo Lopez
|
0-0: Called Strike 0-1: Ball 1-1: Ball Passed Ball! Eric Farren to second 2-1: DOUBLE (Line Drive, 8RXD, EV 106.9 MPH) Eric Farren scores
|
Batting: RHB Gary Sampson
|
0-0: Foul Ball, location: 2F 0-1: Called Strike 0-2: Foul Ball, location: 2F 0-2: Foul Ball, location: 2F 0-2: Ball 1-2: Ball 2-2: SINGLE (Line Drive, 8RS, EV 110.0 MPH) Pablo Lopez to third Runner from 3rd tries for Home, SAFE, throw by CF to home Gary Sampson to second
|
Pitching: RHP Dustin Buckner
|
|
Batting: LHB Alex Fernandez
|
0-0: Fly out, F3 (Line Drive, 3, EV 73.1 MPH)
|
Batting: RHB Seung-mun Kim
|
0-0: Called Strike 0-1: Called Strike 0-2: Ball 1-2: Ball Passed Ball! Gary Sampson to third 2-2: SINGLE (Flyball, 78S, EV 91.2 MPH) Gary Sampson scores
|
Batting: RHB Carlos Morejon
|
0-0: Foul Ball, location: 2F 0-1: Foul Ball, location: 2F 0-2: Strikes out swinging
|
Bottom of the 6th over - 4 runs, 4 hits, 0 errors, 1 left on base; Chicago (APP) 4 - Philadelphia (APP) 16 |
TOP OF THE 7TH |
Chicago (APP) Cubs batting - Pitching for Philadelphia (APP) Phillies : RHP Alex Florez
|
Batting: RHB Josh MacQueen
|
0-0: Ball 1-0: Called Strike 1-1: Swinging Strike 1-2: Ground out U3 (Groundball, 34, EV 90.0 MPH)
|
Batting: LHB Arnaldo Cardamenho
|
0-0: Foul Ball, location: 2F 0-1: Ball 1-1: Ball 2-1: Swinging Strike 2-2: Strikes out swinging
|
Batting: RHB Randy Schmitt
|
0-0: Fly out, F7 (Flyball, 78M, EV 92.5 MPH)
|
Top of the 7th over - 0 runs, 0 hits, 0 errors, 0 left on base; Chicago (APP) 4 - Philadelphia (APP) 16 |
BOTTOM OF THE 7TH |
Philadelphia (APP) Phillies batting - Pitching for Chicago (APP) Cubs : RHP Dustin Buckner
|
Batting: RHB Mark Schultz
|
0-0: Called Strike 0-1: Ball 1-1: Swinging Strike 1-2: SINGLE (Groundball, 6M, EV 88.8 MPH) (infield hit)
|
Batting: RHB Eduardo Calderon
|
0-0: Ball Passed Ball! Mark Schultz to second 1-0: Foul Ball, location: 2F 1-1: Called Strike 1-2: Ball Wild Pitch! Mark Schultz to third 2-2: Ball 3-2: Strikes out swinging
|
Batting: LHB Matt Urbanek
|
0-0: Ball 1-0: Ball Passed Ball! Mark Schultz scores 2-0: SINGLE (Line Drive, 7LS, EV 88.8 MPH)
|
Batting: LHB Eric Farren
|
0-0: Called Strike 0-1: Called Strike 0-2: Ball 1-2: Foul Ball, location: 2F 1-2: Fielders Choice at 2nd, 6-4 (Groundball, 6, EV 88.1 MPH)
|
Batting: RHB Pablo Lopez
|
0-0: 2-RUN HOME RUN (Flyball, 7LD, EV 91.2 MPH), Distance : 338 ft
|
Batting: RHB Gary Sampson
|
0-0: Ball 1-0: Ball 2-0: Swinging Strike 2-1: Ball 3-1: Called Strike 3-2: Base on Balls
|
Pinch Hitting: RHB Vaclav Been
|
0-0: Ball Passed Ball! Gary Sampson to second 1-0: Foul Ball, location: 2F 1-1: Ball Wild Pitch! Gary Sampson to third 2-1: Ball Passed Ball! Gary Sampson scores 3-1: Base on Balls
|
Batting: RHB Seung-mun Kim
|
0-0: Called Strike 0-1: Ball Passed Ball! Vaclav Been to second 1-1: Ball 2-1: Ground out 5-3 (Groundball, 56, EV 83.1 MPH)
|
Bottom of the 7th over - 4 runs, 3 hits, 0 errors, 1 left on base; Chicago (APP) 4 - Philadelphia (APP) 20 |
TOP OF THE 8TH |
Chicago (APP) Cubs batting - Pitching for Philadelphia (APP) Phillies : RHP Alex Florez
|
Now in RF: Vaclav Been
|
|
Batting: SHB Andrew Baron
|
0-0: Ball 1-0: SINGLE (Line Drive, 89M, EV 98.8 MPH)
|
Batting: RHB Tak-keung Chieu
|
0-0: Ball 1-0: Called Strike 1-1: Swinging Strike 1-2: Strikes out swinging
|
Batting: RHB Jake Mitchell
|
0-0: Foul Ball, location: 2F 0-1: Ball 1-1: Fly out, F9 (Line Drive, 9, EV 97.5 MPH)
|
Pitching: RHP Tony Trevino
|
|
Batting: RHB Julio Arteaga
|
0-0: Ball 1-0: Ball 2-0: Called Strike 2-1: SINGLE (Line Drive, 6D, EV 94.4 MPH) Andrew Baron to second
|
Batting: RHB Jake Newman
|
0-0: Ball 1-0: Fielders Choice at 2nd, 6-4 (Groundball, 6, EV 78.8 MPH)
|
Top of the 8th over - 0 runs, 2 hits, 0 errors, 2 left on base; Chicago (APP) 4 - Philadelphia (APP) 20 |
BOTTOM OF THE 8TH |
Philadelphia (APP) Phillies batting - Pitching for Chicago (APP) Cubs : RHP Dustin Buckner
|
Batting: RHB Carlos Morejon
|
0-0: Ball 1-0: Ball 2-0: Ball 3-0: Base on Balls
|
Batting: RHB Mark Schultz
|
0-0: Called Strike 0-1: Ball Wild Pitch! Carlos Morejon to second 1-1: Ball Passed Ball! Carlos Morejon to third 2-1: Foul Ball, location: 2F 2-2: DOUBLE (Groundball, 5L, EV 103.1 MPH) Carlos Morejon scores
|
Batting: RHB Eduardo Calderon
|
0-0: Ball Passed Ball! Mark Schultz to third 1-0: Ball 2-0: Ball Wild Pitch! Mark Schultz scores 3-0: Base on Balls
|
Batting: LHB Matt Urbanek
|
Pickoff Throw to First - Out! 1-3 0-0: DOUBLE (Line Drive, 5D, EV 115.0 MPH)
|
Batting: LHB Eric Farren
|
0-0: DOUBLE (Flyball, 8LD, EV 92.5 MPH) Matt Urbanek scores
|
Batting: RHB Pablo Lopez
|
0-0: Called Strike 0-1: Swinging Strike 0-2: Foul Ball, location: 2F 0-2: Fly out, F9 (Flyball, 89S, EV 91.9 MPH)
|
Batting: RHB Gary Sampson
|
0-0: Ball 1-0: Swinging Strike Passed Ball! Eric Farren to third 1-1: Ball Passed Ball! Eric Farren scores 2-1: Foul Ball, location: 2F 2-2: Foul Ball, location: 2F 2-2: Strikes out looking
|
Bottom of the 8th over - 4 runs, 3 hits, 0 errors, 0 left on base; Chicago (APP) 4 - Philadelphia (APP) 24 |
TOP OF THE 9TH |
Chicago (APP) Cubs batting - Pitching for Philadelphia (APP) Phillies : RHP Tony Trevino
|
Batting: RHB Dwight Bean
|
0-0: Ball 1-0: Called Strike 1-1: Ball 2-1: Foul Ball, location: 2F 2-2: Foul Ball, location: 2F 2-2: Ball 3-2: Fly out, F9 (Flyball, 9S, EV 87.5 MPH)
|
Batting: RHB Josh MacQueen
|
0-0: Swinging Strike 0-1: Swinging Strike 0-2: Strikes out swinging
|
Batting: LHB Arnaldo Cardamenho
|
0-0: Called Strike 0-1: Ball 1-1: Ball 2-1: Swinging Strike 2-2: Strikes out looking
|
Top of the 9th over - 0 runs, 0 hits, 0 errors, 0 left on base; Chicago (APP) 4 - Philadelphia (APP) 24 |
|